 Dungeon Crawl Stone Soup version 0.27.1-2-g3b301248ec (webtiles) character file.

Game seed: 9339495176647535618

56 Descartes the Skirmisher (level 3, -2/10 (17) HPs)
             Began as a Felid Wanderer on Oct 2, 2021.
             Slain by Robin (6 damage)
             ... on level 1 of the Dungeon.
             The game lasted 00:06:31 (4066 turns).

Descartes the Skirmisher (Felid Wanderer)           Turns: 4066, Time: 00:06:32

HP:   -2/10 (17)    AC:  1    Str: 11    XL:     3   Next: 71%
MP:   0/7           EV: 17    Int: 11    God:
Gold: 50            SH:  0    Dex: 15    Spells: 1/6 levels left
                                        Lives: 0   Deaths: 0

rFire    . . .     SeeInvis +     - Unarmed
rCold    . . .     Faith    .   (shield unavailable)
rNeg     + . .     Spirit   .   (armour unavailable)
rPois    .         Reflect  .   (helmet unavailable)
rElec    .         Harm     .   (cloak unavailable)
rCorr    .         Rampage  .   (gloves unavailable)
Will     .....                  (boots unavailable)
Stlth    ++........             (no amulet)
HPRegen  0.03/turn              k - ring of positive energy
MPRegen  0.10/turn              (no ring)

@: very slightly contaminated, very heavily drained, quick
A: very small, claws 1, fangs 3, see invisible, speed 1, shaggy fur 1, stealthy
paws, no weapons or thrown items, no armour, multi-lived
a: no special abilities


You were on level 1 of the Dungeon.
You visited 1 branch of the dungeon, and saw 2 of its levels.

You collected 50 gold pieces.

Inventory:

Missiles
 d - 63 stones
Jewellery
 k - a ring of positive energy (left paw)
Scrolls
 a - 3 scrolls of teleportation
 c - 2 scrolls of blinking {unknown}
 f - a scroll of torment {unknown}
 g - a scroll of identify {unknown}
 l - a scroll of amnesia {unknown}
Potions
 b - a potion of brilliance {unknown}
 e - a potion of degeneration {unknown}
 h - a potion of lignification {unknown}
 i - 2 potions of curing {unknown}
 j - a potion of haste {unknown}


   Skills:
 - Level 3.0 Fighting
 + Level 2.4 Dodging
 + Level 3.0 Stealth
 + Level 2.9 Unarmed Combat
 - Level 2.0 Spellcasting
 + Level 0.2 Conjurations
 - Level 1.5 Hexes
 - Level 1.1 Evocations


You had one spell level left.
You knew the following spells:

 Your Spells              Type           Power      Damage    Failure   Level
a - Magic Dart            Conj           4%         1d3       26%         1
b - Blink                 Tloc           N/A        N/A       41%         2
c - Poisonous Vapours     Pois/Air       2%         N/A       41%         2

Your spell library contained the following spells:

 Spells                   Type           Power      Damage    Failure   Level
 Summon Small Mammal      Summ           4%         N/A       28%         1
 Slow                     Hex            4%         N/A       24%         2
 Call Imp                 Summ           1%         N/A       41%         2
 Corpse Rot               Necr/Air       N/A        N/A       41%         2
 Conjure Flame            Conj/Fire      1%         6-21      63%         3
 Call Canine Familiar     Summ           1%         N/A       65%         3
 Mephitic Cloud           Conj/Pois/Air  1%         N/A       65%         3
 Freezing Cloud           Conj/Ice/Air   0%         6-21      100%        5


Dungeon Overview and Level Annotations

Branches:
Dungeon (2/15)

Altars:
Trog

Shops:
D:2 (

Annotations:
D:1 Robin


Innate Abilities, Weirdness & Mutations

You have sharp claws.
You have razor-sharp teeth.
You have supernaturally acute eyesight. (SInv)
You cover ground quickly. (Speed+)
You are covered in fur. (AC +1)
Your paws help you pounce on unaware monsters.
You are incapable of wielding weapons or throwing items.
You cannot wear armour.
You gain extra lives every three experience levels.


Message History

Aim: Robin, wielding a +1 short sword of draining, wearing a +0 animal skin and wearing a +0 helmet (heavily wounded, 100% to hit)
The magic dart hits Robin.
Robin is severely wounded.
Casting: Magic Dart (safe; 26% risk of failure)
Confirm with . or Enter, or press ? or * to list all spells.
Aiming: Magic Dart (safe; 26% risk of failure)
Press: ? - help, Shift-Dir - straight line, f/p - Robin
Aim: Robin, wielding a +1 short sword of draining, wearing a +0 animal skin and wearing a +0 helmet (severely wounded, 100% to hit)
You miscast Magic Dart.
You are very lightly contaminated with residual magic.
Nothing appears to happen.
Robin's horned helmet rattles.
Your magical contamination has completely faded away.
Casting: Magic Dart (safe; 26% risk of failure)
Confirm with . or Enter, or press ? or * to list all spells.
Aiming: Magic Dart (safe; 26% risk of failure)
Press: ? - help, Shift-Dir - straight line, f/p - Robin
Aim: Robin, wielding a +1 short sword of draining, wearing a +0 animal skin and wearing a +0 helmet (severely wounded, 100% to hit)
You miscast Magic Dart.
You are very lightly contaminated with residual magic.
Nothing appears to happen.
Your magical contamination has completely faded away.
Unknown command.
Robin is nearby!
Casting: Magic Dart (safe; 26% risk of failure)
Confirm with . or Enter, or press ? or * to list all spells.
Aiming: Magic Dart (safe; 26% risk of failure)
Press: ? - help, Shift-Dir - straight line, f/p - Robin
Aim: Robin, wielding a +1 short sword of draining, wearing a +0 animal skin and wearing a +0 helmet (severely wounded, 100% to hit)
You miscast Magic Dart.
You are very lightly contaminated with residual magic.
Nothing appears to happen.
Robin hits you with a +1 short sword of draining.
Ouch! That really hurt!
You partially resist.
You feel drained.
You completely miss Robin.
Robin is severely wounded.
Robin hits you with a +1 short sword of draining.
Ouch! That really hurt!
You die...

#.# #.# #.### #.#
#.# #.#.. #.# #.#
#.#.# #.# #.# #.#.#
#.###.######.#.#
#####.#...#...##g#.#
#.....#...#...##.#..
###.###...#...##.###
#@# #.............
#g# #...#...##.###
#.# #...#.........
#.# #...###[###.##
#.# ######........
#.# ######.## #.#
#.# #.########## #g#
#.g....g...# #.#


You could see Robin.

Vanquished Creatures
  An adder (D:2)
  A worm (D:2)
  A dart slug (D:1)
  2 bats (D:1)
  4 endoplasms
  A giant cockroach (D:1)
  9 goblins
  6 hobgoblins
  A quokka (D:1)
  A ball python (D:2)
  4 frilled lizards
  3 kobolds (D:1)
  5 rats
39 creatures vanquished.

Notes
Turn   | Place    | Note
-------+----------+-------------------------------------------
     0 | D:1      | Descartes the Felid Wanderer began the quest for the Orb.
     0 | D:1      | Descartes set off with the following items: a scroll of
                  | teleportation; and the following spells available to
                  | memorise: Slow, Magic Dart, Summon Small Mammal, Blink,
                  | Call Imp, Call Canine Familiar, Conjure Flame, Mephitic
                  | Cloud
     0 | D:1      | Reached XP level 1. HP: 10/10 MP: 4/4
     2 | D:1      | Learned a level 1 spell: Magic Dart
   121 | D:1      | Noticed a shining eye
   125 | D:1      | Found a faded altar of an unknown god.
   126 | D:1      | Noticed an eye of devastation
   126 | D:1      | Noticed a shining eye
   126 | D:1      | Noticed a golden eye
   212 | D:1      | Reached skill level 1 in Dodging
   283 | D:1      | Reached XP level 2. HP: 14/14 MP: 6/6
  1011 | D:2      | Found Vupluc's Weapon Shoppe.
  1031 | D:2      | Found a bloodstained altar of Trog.
  1040 | D:2      | Reached XP level 3. HP: 6/17 MP: 7/7
  2364 | D:2      | Noticed Robin
  2617 | D:1      | Learned a level 2 spell: Blink
  2620 | D:1      | Learned a level 2 spell: Poisonous Vapours
  4066 | D:1      | Slain by Robin

Illustrated notes

Levels and vault maps discovered:
D:1:      saegor_arrival_simple_e, layout_basic,
          hellmonk_ecumenical_altar_watching_god, chequers_serial_rivers_micro_e
D:2:      layout_rooms, serial_shops, shop, basic_altar, serial_forest,
          infiniplex_forest_pool, infiniplex_forest_end_2,
          infiniplex_forest_clump_tiny, infiniplex_forest_straight_3,
          infiniplex_forest_end_double, infiniplex_forest_straight_4,
          infiniplex_forest_clump_C, infiniplex_forest_lined_room_3,
          infiniplex_forest_straight_2, dk_noncrumbling_4, uniq_robin

Skill      XL: |  1  2  3 |
---------------+----------+-----
Dodging        | 1 2 |  2.4
Stealth        | 2 3 |  3.0
Fighting       | |  3.0
Unarmed Combat | |  2.9
Spellcasting   | |  2.0
Conjurations   | |  0.2
Hexes          | |  1.5
Evocations     | |  1.1

Action                   || total
-------------------------++-------
Melee: Unarmed           ||   122
       Bite              ||     8
 Cast: Magic Dart        ||    14
 Stab: Sleeping          ||     6
Armor: Skin              ||    12
Dodge: Dodged            ||   101
